 Dungeon Crawl Stone Soup version 0.22-a0-351-g29664b4 (webtiles) character file.

1997 vishdafish the Skirmisher (level 9, -3/62 HPs)
             Began as an Octopode Skald on Apr 13, 2018.
             Was an Initiate of Yredelemnul.
             Slain by a centaur (8 damage)
             ... on level 7 of the Dungeon.
             The game lasted 00:13:13 (6368 turns).

vishdafish the Skirmisher (Octopode Skald)          Turns: 6368, Time: 00:13:14

Health: -3/62      AC:  1    Str: 10    XL:     9   Next: 21%
Magic:  9/14       EV: 18    Int: 19    God:    Yredelemnul [......]
Gold:   318        SH:  4    Dex: 11    Spells: 9/14 levels left

rFire    . . .     SeeInvis .   i - +0 trident
rCold    + . .     Gourm    .   (no shield)
rNeg     . . .     Faith    .   (helmet restricted)
rPois    .         Spirit   .   t - +4 amulet of reflection
rElec    .         Reflect  +   q - +4 ring of evasion
rCorr    .         Harm     .   x - ring of protection from cold
MR       .....                  (no ring)
Stlth    ++........             (no ring)
HPRegen  0.20/turn              (no ring)
MPRegen  0.14/turn              (no ring)
                                (no ring)
                                (no ring)

@: infused (expiring)
A: almost no armour, stealthy swim, amphibious, 8 rings, constrict 8, camouflage
1, gelatinous body 1
a: Renounce Religion


You were on level 7 of the Dungeon.
You worshipped Yredelemnul.
Yredelemnul was noncommittal.
You were not hungry.

You visited 2 branches of the dungeon, and saw 8 of its levels.

You collected 318 gold pieces.

Inventory:

Hand Weapons
 i - a +0 trident (weapon)
 v - the +8 hunting sling "Zeink" {velocity, Int+6}
   (You found it on level 4 of the Dungeon)

   Any stone fired from it inflicts extra damage.
   It affects your intelligence (+6).
Missiles
 w - 48 sling bullets
Magical Staves
 y - an uncursed staff of power
Jewellery
 e - an uncursed amulet of guardian spirit
 q - a +4 ring of evasion (left tentacle)
 t - a +4 amulet of reflection (around mantle)
 x - a ring of protection from cold (right tentacle)
Wands
 b - a wand of acid (1)
 u - a wand of random effects (79)
Scrolls
 d - 7 scrolls of identify
 f - 2 scrolls of magic mapping {unknown}
 g - a scroll of random uselessness {unknown}
 j - 3 scrolls of enchant weapon {unknown}
 l - 2 scrolls of fog {unknown}
 m - a scroll of teleportation
 n - 3 scrolls of remove curse {unknown}
 o - 2 scrolls of immolation {unknown}
 r - a scroll of fear {unknown}
Potions
 a - a potion of flight
 h - a potion of heal wounds {unknown}
 p - a potion of mutation
 s - a potion of brilliance
Comestibles
 c - 14 rations


   Skills:
 + Level 5.9 Fighting
 + Level 5.9 Polearms
 - Level 4.6 Slings
 - Level 4.0 Dodging
 - Level 3.3 Spellcasting
 - Level 4.4 Charms
 - Level 4.2 Translocations
 * Level 0.0 Invocations


You had 9 spell levels left.
You knew the following spells:

 Your Spells              Type           Power        Failure   Level  Hunger
a - Infusion              Chrm           ###.         2%          1    None
b - Shroud of Golubria    Chrm/Tloc      ###.......   3%          2    ##.....
c - Song of Slaying       Chrm           ###.....     3%          2    ##.....


Dungeon Overview and Level Annotations

Branches:
Dungeon (7/15)             Temple (1/1) D:6

Altars:
Ashenzari
Cheibriados
Dithmenos
Elyvilon
Gozag
Hepliaklqana
Kikubaaqudgha
Makhleb
Nemelex Xobeh
Okawaru
Qazlal
Ru
Sif Muna
Trog
Uskayaw
Vehumet
Wu Jian
Xom
Yredelemnul
Zin
The Shining One

Shops:
D:6 (

Annotations:
D:6 Amnesiac's ghost, novice DgCj


Innate Abilities, Weirdness & Mutations

You cannot wear most types of armour.
You are very stealthy in the water. (Stealth+)
You are amphibious.
You can wear up to eight rings at the same time.
You can use your tentacles to constrict eight enemies at once.
Your skin changes colour to match your surroundings (Stealth+).
Your rubbery body absorbs attacks. (AC +1, EV +1)


Message History

The centaur barely misses you.
Okay, then.
Evoke which item? (* to show all) (? for menu, Esc to quit)
Aiming: Corrosive Bolt
Press: ? - help, Shift-Dir - straight line, f - centaur
Aim: a centaur The bolt of acid hits the centaur.
The centaur is splashed with acid.
The centaur is almost dead.
The jackal misses you. You block the centaur's attack.
The jackal closely misses you.
You closely miss the centaur.
The centaur is almost dead.
The centaur barely misses you. The jackal bites you.
* * * LOW HITPOINT WARNING * * *
The centaur closely misses you.
You closely miss the centaur.
The centaur is almost dead.
The centaur hits you!
You die...
Your body rises from the dead as a mindless zombie.

#######.# #.# #.#
############# #.#
#....#......# #.#
#....#......# ######.######
#....#......# #...........#
#....#......#
#...........####.<..#†.....##
#..............@c.((((......$
#...........####h...#......##
#.....>....................#
#...........####....######.#
############# ###### .#
####....# # ........+
####....# ........# #


You could see a centaur and a jackal.

Vanquished Creatures
  Grinder (D:6)
  Menkaure (D:6)
  An orc warrior (D:6)
  A black bear (D:6)
  3 sky beasts
  3 ogres
  2 centaurs (D:6)
  A bullfrog (D:6)
  A wyvern zombie (D:7)
  2 scorpions
  A jelly (D:4)
  2 crimson imps
  A centaur zombie (D:6)
  2 orc priests
  6 orc wizards
  An iguana (D:5)
  Jessica (D:3)
  2 worker ants
  A killer bee zombie (D:6)
  A hound skeleton (D:4)
  A worker ant zombie (D:5)
  5 adders
  3 worms
  2 dart slugs (D:1)
  2 leopard geckos
  17 orcs
  3 giant cockroaches
  3 goblins
  8 hobgoblins
  4 jackals
  9 kobolds
  5 quokkas
  A ball python (D:1)
  10 bats
  6 frilled lizards
  6 rats
119 creatures vanquished.

Notes
Turn   | Place    | Note
-------+----------+-------------------------------------------
     0 | D:1      | vishdafish the Octopode Skald began the quest for the Orb.
     0 | D:1      | Reached XP level 1. HP: 14/14 MP: 3/3
   109 | D:1      | Reached XP level 2. HP: 16/19 MP: 5/5
   619 | D:1      | Reached XP level 3. HP: 20/25 MP: 6/6
  1524 | D:3      | Reached XP level 4. HP: 29/30 MP: 7/7
  1580 | D:3      | Noticed Jessica
  1587 | D:3      | Killed Jessica
  1713 | D:3      | Reached XP level 5. HP: 33/36 MP: 6/9
  1971 | D:3      | Found a snail-covered altar of Cheibriados.
  2035 | D:3      | Found a faded altar of an unknown god.
  2418 | D:4      | Reached XP level 6. HP: 33/42 MP: 5/10
  2458 | D:4      | Learned a level 2 spell: Shroud of Golubria
  2461 | D:4      | Learned a level 2 spell: Song of Slaying
  2669 | D:4      | Got a transparent hunting sling
  2670 | D:4      | Identified the +8 hunting sling "Zeink" {velocity, Int+6} (You found it on level 4 of the Dungeon)
  2971 | D:4      | Reached skill level 1 in Translocations
  2996 | D:4      | Reached XP level 7. HP: 46/47 MP: 12/12
  3248 | D:5      | Entered Level 5 of the Dungeon
  3938 | D:5      | Reached XP level 8. HP: 54/54 MP: 13/13
  4065 | D:5      | Reached skill level 1 in Slings
  4191 | D:6      | Noticed Menkaure
  4201 | D:6      | Killed Menkaure
  4201 | D:6      | Reached skill level 5 in Fighting
  4201 | D:6      | Reached skill level 5 in Polearms
  4400 | D:6      | Found a deep blue altar of Sif Muna.
  4401 | D:6      | Found a shattered altar of Ashenzari.
  4422 | D:6      | Found a shimmering altar of Xom.
  4422 | D:6      | Found a hazy altar of Hepliaklqana.
  5022 | D:6      | Found Siluukal's Antique Weapon Shoppe.
  5134 | D:6      | Found a staircase to the Ecumenical Temple.
  5144 | Temple   | Entered the Ecumenical Temple
  5292 | Temple   | Became a worshipper of Yredelemnul the Dark
  5389 | D:6      | Noticed Grinder
  5407 | D:6      | Killed Grinder
  5407 | D:6      | Reached XP level 9. HP: 42/62 MP: 14/14
  5534 | D:6      | Noticed Amnesiac's ghost (novice DgCj)
  6368 | D:7      | Slain by a centaur

Vault maps used:
D:1:      dpeg_arrival_simpleton_a, minmay_misc_feat_cross,
          minmay_misc_feat_enclosed, minmay_parallelograms,
          minmay_strange_pillars, st_stairs_5, corexii_corridor_pit
D:3:      lemuel_coloured_pillars_altar, chequers_ecumenical_altar_simple,
          uniq_jessica
D:4:      first_ration
D:5:      kennysheep_generic_room_12
D:6:      grunt_temple_overflow_open, temple_green, serial_shops,
          nicolae_shop_overgrown_old_shop, uniq_grinder,
          uniq_crazy_yiuf_cottage, uniq_menkaure
Temple:   nicolae_temple_elliptical

Skill      XL: |  1  2  3  4  5  6  7  8 |
---------------+-------------------------+-----
Dodging        | 3 4 |  4.0
Fighting       | 3 4 5 |  5.9
Polearms       | 3 4 5 |  5.9
Spellcasting   | 3 |  3.3
Translocations | 1 4 |  4.2
Slings         | 4 |  4.6
Charms         | 4 |  4.4

Action                   |  1- 3 |  4- 6 |  7- 9 || total
-------------------------+-------+-------+-------++-------
Melee: Spear             |    63 |       |       ||    63
       Constrict         |    20 |    15 |    13 ||    48
       Tentacles         |     7 |     8 |    10 ||    25
       Trident           |    39 |    72 |    80 ||   191
 Fire: Hunting sling     |       |     8 |    95 ||   103
 Cast: Infusion          |       |     4 |     4 ||     8
       Shroud of Golubri |       |     1 |       ||     1
       Song of Slaying   |       |     1 |       ||     1
Evoke: Wand              |       |       |     3 ||     3
  Use: Potion            |       |       |     9 ||     9
       Scroll            |       |       |     5 ||     5
 Stab: Sleeping          |    10 |     8 |     1 ||    19
  Eat: Chunk             |     2 |     2 |     4 ||     8
       Ration            |       |     1 |     2 ||     3
Armor: Skin              |     4 |     2 |     2 ||     8
Dodge: Dodged            |    43 |    50 |    90 ||   183
Block: Other             |       |     3 |    18 ||    21

Table legend:
 A = Spawn XP
 B = Non-spawn XP
 C = Spawn XP percentage of total XP
 D = Spawn monster count
 E = Non-spawn monster count
 F = Spawn count percentage of total count
 G = Total turns spent on level
                    A         B        C        D         E        F      G
               +---------+---------+-------+---------+---------+-------+---------
         Total |       0 |    2854 |   0.0 |       0 |     119 |   0.0 |  6368
               +---------+---------+-------+---------+---------+-------+---------
           D:1 |       0 |      45 |   0.0 |       0 |      27 |   0.0 |   977
           D:2 |       0 |      31 |   0.0 |       0 |      14 |   0.0 |   528
           D:3 |       0 |     210 |   0.0 |       0 |      21 |   0.0 |   947
           D:4 |       0 |     400 |   0.0 |       0 |      15 |   0.0 |   796
           D:5 |       0 |     739 |   0.0 |       0 |      17 |   0.0 |  1047
           D:6 |       0 |    1116 |   0.0 |       0 |      17 |   0.0 |  1411
           D:7 |       0 |     313 |   0.0 |       0 |       8 |   0.0 |   464
               +---------+---------+-------+---------+---------+-------+---------
